 Dungeon Crawl Stone Soup version 0.30.0-29-ga12c61a403 (webtiles) character file.

Game seed: 1422346354565451344

59225 qw the Severer (level 14, -6/90 HPs)
             Began as a Gargoyle Fighter on June 5, 2023.
             Was an Elder of Okawaru.
             Mangled by a five-headed hydra (10 damage)
             ... on level 13 of the Dungeon.
             The game lasted 00:09:59 (17995 turns).

qw the Severer (Gargoyle Fighter)                  Turns: 17995, Time: 00:09:59

Health: -6/90      AC: 40    Str: 29    XL:     14   Next: 94%
Magic:  20/21      EV: 10    Int: 10    God:    Okawaru [****..]
Gold:   1739       SH: 15    Dex:  9    Spells: 13/13 levels left

rFire   . . .        u - +4 morningstar (freeze)
rCold   . . .        g - +2 kite shield of Tomorrow {Rampage Str+5}
rNeg    + . .        f - +0 plate armour
rPois   inf          x - +0 helmet
rElec   +            B - +2 cloak {Stlth+}
rCorr   .            e - +0 pair of gloves
SInv    +            o - +0 pair of boots
Will    +....        r - amulet of faith Stlth
                     k - ring of see invisible
HPRegen 0.35/turn    q - +4 ring of protection
MPRegen 0.17/turn

%: rampage, faith
@: about to teleport, heroic, flying
A: sickness immunity, AC +10, big wings, negative energy resistance 1,
electricity resistance, torment resistance 1, petrification resistance
a: Renounce Religion, Heroism, Finesse


You were on level 13 of the Dungeon.
You worshipped Okawaru.
Okawaru was greatly pleased with you.
You visited 3 branches of the dungeon, and saw 19 of its levels.

You collected 1739 gold pieces.


Innate Abilities, Weirdness & Mutations

You are immune to sickness and miasma.
Your stone body is resilient. (AC +10)
You are immune to poison.
Your large and strong wings let you fly.
You resist negative energy. (rN+)
You are resistant to electric shocks. (rElec)
You are resistant to unholy torment.
You are immune to petrification.


   Skills:
 + Level 11.0(16.0) Fighting
 - Level 15.0(20.0) Axes
 - Level 5.2(10.2) Throwing
 - Level 11.0(16.0) Armour
 - Level 2.7(7.7) Dodging
 - Level 12.0(17.0) Shields
 - Level 10.0 Invocations


You had 13 spell levels left.
You didn't know any spells.
Your spell library was empty.

Inventory:

Hand Weapons
 u - a +4 morningstar of freezing (weapon)
 Y - a +5 war axe
Missiles
 v - 2 boomerangs
 D - 9 javelins (quivered)
Armour
 c - the +0 robe "Porutuad" {+Blink rCorr Str-4 Archmagi}
   (Okawaru gifted it to you on level 9 of the Dungeon)

   Str:       It affects your strength (-4).
   +Blink:    It lets you blink.
   rCorr:     It protects you from acid and corrosion.
   Archmagi:  It increases the power of your magical spells.
 e - a +0 pair of gloves (worn)
 f - a +0 plate armour (worn)
 g - the +2 kite shield of Tomorrow (worn) {Rampage Str+5}
   (You found it on level 2 of the Dungeon)

   Str:       It affects your strength (+5).
   Rampage:   It bestows one free step when moving towards enemies.
 o - a +0 pair of boots (worn)
 w - the +3 leather armour of the Orb Guardian {Harm rCorr Dex+4}
   (You found it on level 11 of the Dungeon)

   Dex:       It affects your dexterity (+4).
   rCorr:     It protects you from acid and corrosion.
   Harm:      It increases damage dealt and taken.
 x - a +0 helmet (worn)
 B - a +2 cloak of stealth (worn)
Jewellery
 b - a ring of ice
 j - a ring of ice
 k - a ring of see invisible (left hand)
 m - an amulet of regeneration
 q - a +4 ring of protection (right hand)
 r - an amulet of faith (around neck)
 A - a +4 ring of slaying {mikee}
Wands
 y - a wand of digging (11)
Scrolls
 a - 6 scrolls of identify
 i - 3 scrolls of teleportation
Potions
 d - a potion of might
 h - 5 potions of heal wounds
 l - 2 potions of resistance
 n - 3 potions of haste
 s - 4 potions of magic
 t - 2 potions of attraction
 z - 2 potions of lignification
 C - a potion of cancellation

Dungeon Overview and Level Annotations

Branches:
Dungeon (13/15)            Temple (1/1) D:5            Lair (5/5) D:11
  Swamp (0/4) Lair:2        Snake (0/4) Lair:2        Slime (0/5) Lair:5
    Orc (0/2) D:10         Vaults (0/5) D:13

Altars:
Ashenzari
Cheibriados
Dithmenos
Elyvilon
Fedhas
Gozag
Hepliaklqana
Kikubaaqudgha
Makhleb
Nemelex Xobeh
Okawaru
Qazlal
Ru
Sif Muna
Trog
Uskayaw
Vehumet
Wu Jian
Xom
Yredelemnul
Zin
The Shining One
Jiyva

Shops:
D:6 *

Annotations:
D:5 1 runed translucent door, Crazy Yiuf
D:9 3 runed translucent doors
D:13 Sonja
Lair:1 1 runed translucent door, qw's ghost, journeyman GrFi
Lair:5 2 runed translucent doors


Message History

Sonja gestures wildly while chanting.
Sonja blinks!
You slice the centaur warrior like a ripe choko!!!
You kill the centaur warrior!
Okawaru accepts your kill.
You hear a shout!
Sonja throws a curare-tipped dart.
The curare-tipped dart hits you.
Your base Throwing skill increases to level 5!
17991 ||| SWAPPING to +4 morningstar of freezing.
Your +4 morningstar of freezing glows with a cold blue light!
u - a +4 morningstar of freezing (weapon)
The vault guard looks more energetic.
Sonja bows elegantly.
Sonja gestures wildly while chanting.
Sonja blinks!
You bludgeon the five-headed hydra!!
The five-headed hydra seems to slow down.
You freeze the five-headed hydra.
The five-headed hydra is heavily wounded.
You block the five-headed hydra's attack.
The five-headed hydra bites you but does no damage. x3
The five-headed hydra bites you.
You bludgeon the five-headed hydra!!
The five-headed hydra seems to slow down.
You freeze the five-headed hydra.
The five-headed hydra is almost dead.
You hit the five-headed hydra. You freeze the five-headed hydra.
The five-headed hydra is almost dead.
The moth of wrath changes into a water nymph!
You block Sonja's attack. x2; Sonja misses you.
The five-headed hydra bites you!
You block the five-headed hydra's attack.
The five-headed hydra bites you. The five-headed hydra bites you! x2
17995 ||| READING 4 scrolls of teleportation.
As you read the scroll of teleportation, it crumbles to dust.
You feel strangely unstable. You block Sonja's attack. x3
The water nymph's watery aura covers the open door.
The five-headed hydra closely misses you.
The five-headed hydra bites you!
You die... ##..#######. #.#...#.##........... .......#............ ...\...+............ ..... #............ #ecQ# ##........... pmp

##.^........ ##D##
##......... ##.@.##
##.........
##..K..####..........
#.......##...........
.......................
###################...#
####


You could see a five-headed hydra (slow), 2 vault guards, a tengu warrior, a
centaur warrior, a deep elf pyromancer, a water nymph shaped shifter and Sonja.

Vanquished Creatures
  Gastronok (Lair:2)
  4 hydras
  2 catoblepae
  Erolcha (D:13)
  5 two-headed ogres
  3 boulder beetles
  A centaur warrior (D:13)
  Urug (Lair:2)
  3 death yaks (D:11)
  A tengu warrior (D:8)
  A skeletal warrior (D:13)
  Lodul (D:13)
  Pikel (D:7)
  A lindwurm (Lair:5)
  4 ugly things
  A deep elf pyromancer (D:13)
  3 cyclopes
  A salamander (Lair:2)
  18 elephants
  9 black mambas
  A torpor snail (Lair:3)
  2 molten gargoyles (Lair:5)
  2 gargoyles
  Maggie (D:8)
  6 cane toads
  3 rime drakes
  A freezing wraith (D:13)
  8 komodo dragons
  3 trolls
  3 hornets
  A polar bear (Lair:5)
  3 blink frogs (Lair:1)
  9 dream sheep
  Sigmund (D:4)
  6 slime creatures (D:12)
  A spriggan (Lair:1)
  8 wyverns
  45 yaks
  4 vampires
  4 shadows
  5 basilisks
  2 steam dragons (Lair:5)
  5 vampire mosquitoes
  Menkaure (D:7)
  An acid dragon (D:13)
  11 water moccasins
  3 hell hounds (Lair:5)
  8 orc warriors
  3 sky beasts (D:7)
  3 black bears
  An ice beast (D:6)
  9 ogres
  4 lemures (D:7)
  29 wolves
  3 centaurs
  A phantom (D:5)
  A kobold brigand (D:9)
  10 bullfrogs
  A scorpion (D:7)
  17 wights
  4 killer bees (D:11)
  2 electric eels
  2 howler monkeys
  8 lava snakes
  A jelly (D:5)
  14 orc priests
  4 hounds
  3 sleepcaps
  2 iguanas
  Natasha (twice) (D:4)
  9 orc wizards
  8 adders
  3 river rats (D:11)
  3 white imps
  An ufetubus (D:4)
  3 worms
  41 orcs
  14 bats
  4 endoplasms
  4 giant cockroaches (D:1)
  8 goblins
  5 hobgoblins
  9 jackals
  2 quokkas
  8 ball pythons
  6 frilled lizards
  11 kobolds
  3 rats
  A butterfly (Lair:1)
477 creatures vanquished.

Vanquished Creatures (others)
  A golden eye (shapeshifter) (D:13)
1 creature vanquished.

Grand Total: 478 creatures vanquished

Notes
Turn   | Place    | Note
-------+----------+-------------------------------------------
     0 | D:1      | qw the Gargoyle Fighter began the quest for the Orb.
     0 | D:1      | Reached XP level 1. HP: 14/14 MP: 1/1
     0 | D:1      | 0 ||| qw: Version: 0.2-a-108-gee2c290
     0 | D:1      | 0 ||| qw: Game counter: 1468
     0 | D:1      | 0 ||| qw: Always use a shield: true
     0 | D:1      | 0 ||| qw: God list: Okawaru
     0 | D:1      | 0 ||| qw: Allow faded altars: false
     0 | D:1      | 0 ||| qw: Do Orc after D:15 true
     0 | D:1      | 0 ||| qw: Do second Lair branch before Depths: true
     0 | D:1      | 0 ||| qw: Lair rune preference: random
     0 | D:1      | 0 ||| qw: Plans: Normal, Zot:1-4, Slime:5, God:TSO, Crypt,
                  | Tomb, Abyss, Pan, Hells, Win
     0 | D:1      | 0 ||| PLANNING D:1-11
    33 | D:1      | Found a faded altar of an unknown god.
    41 | D:1      | Reached skill level 2 in Axes
    60 | D:1      | 60 ||| FLEEEEING.
    81 | D:1      | Reached XP level 2. HP: 19/19 MP: 2/2
    97 | D:1      | 97 ||| Stepping ~*~*~tactically~*~*~ (stealth).
   375 | D:1      | 375 ||| Stepping ~*~*~tactically~*~*~ (hiding).
   376 | D:1      | 376 ||| Stepping ~*~*~tactically~*~*~ (hiding).
   377 | D:1      | 377 ||| Stepping ~*~*~tactically~*~*~ (hiding).
   378 | D:1      | 378 ||| Stepping ~*~*~tactically~*~*~ (hiding).
   380 | D:1      | 380 ||| Stepping ~*~*~tactically~*~*~ (hiding).
   396 | D:1      | 396 ||| DROPPING +0 club.
   526 | D:1      | Reached skill level 3 in Axes
   625 | D:1      | Reached XP level 3. HP: 23/23 MP: 3/3
   991 | D:1      | 991 ||| UPGRADING to +0 pair of gloves.
   996 | D:1      | 996 ||| UPGRADING to +0 chain mail.
  1006 | D:1      | 1006 ||| DROPPING +0 scale mail.
  1007 | D:1      | 1007 ||| UPGRADING to ring of see invisible.
  1008 | D:1      | 1008 ||| READING 4 scrolls labelled VIENTI ESYSI.
  1009 | D:1      | 1009 ||| READING 3 scrolls of identify.
  1009 | D:1      | 1009 ||| IDENTIFYING lumpy blue potion
  1010 | D:1      | 1010 ||| READING 2 scrolls of identify.
  1010 | D:1      | 1010 ||| IDENTIFYING metallic brown potion
  1054 | D:2      | 1054 ||| STAIRDANCE
  1188 | D:2      | Identified the +2 kite shield of Tomorrow {Rampage Str+5}
  1275 | D:2      | Reached XP level 4. HP: 27/28 MP: 4/4
  1393 | D:2      | Found a basalt altar of Yredelemnul.
  1413 | D:2      | Reached skill level 4 in Axes
  1830 | D:2      | 1830 ||| UPGRADING to +2 kite shield of Tomorrow {Rampage
                  | Str+5}.
  1840 | D:2      | 1840 ||| DROPPING +0 buckler.
  1841 | D:2      | 1841 ||| UPGRADING to amulet of regeneration.
  1846 | D:2      | 1846 ||| READING scroll labelled YGGIPI BIRARAE.
  1847 | D:2      | 1847 ||| DRINKING 2 sedimented emerald potions.
  1848 | D:2      | 1848 ||| READING 2 scrolls of identify.
  1848 | D:2      | 1848 ||| IDENTIFYING murky dark potion
  1849 | D:2      | 1849 ||| DROPPING potion of degeneration.
  1870 | D:3      | 1870 ||| Stepping ~*~*~tactically~*~*~ (stealth).
  1872 | D:3      | 1872 ||| Stepping ~*~*~tactically~*~*~ (hiding).
  1874 | D:3      | 1874 ||| Stepping ~*~*~tactically~*~*~ (hiding).
  1887 | D:3      | 1887 ||| DROPPING +0 whip.
  1905 | D:3      | Found a sacrificial altar of Ru.
  1998 | D:3      | Identified the +1 leather armour "Rucyuch" {rC+}
  2032 | D:3      | 2032 ||| Stepping ~*~*~tactically~*~*~ (stealth).
  2033 | D:3      | 2033 ||| Stepping ~*~*~tactically~*~*~ (stealth).
  2135 | D:3      | You fall into a shaft and drop 3 floors!
  2147 | D:6      | Reached XP level 5. HP: 32/32 MP: 5/5
  2241 | D:6      | Noticed a black bear
  2247 | D:6      | Killed a black bear
  2252 | D:6      | Reached XP level 6. HP: 30/37 MP: 6/6
  2257 | D:6      | Reached skill level 5 in Axes
  2276 | D:6      | Reached XP level 7. HP: 39/44 MP: 7/7
  2281 | D:6      | 2281 ||| DROPPING +0 flail.
  2456 | D:6      | 2456 ||| UPGRADING to +0 pair of boots.
  2461 | D:6      | 2461 ||| READING scroll labelled YCODWE HUUPRET.
  2462 | D:6      | 2462 ||| READING scroll labelled NYLECK SOISA.
  2466 | D:6      | 2466 ||| READING 2 scrolls labelled QENOUGA TIPOE.
  2467 | D:6      | 2467 ||| DRINKING 2 viscous black potions.
  2468 | D:6      | 2468 ||| FLEEEEING.
  2489 | D:6      | 2489 ||| DROPPING scroll of noise.
  2496 | D:5      | Entered Level 5 of the Dungeon
  2523 | D:5      | Found a staircase to the Ecumenical Temple.
  2524 | D:5      | 2524 ||| PLANNING TEMPLE
  2532 | Temple   | Entered the Ecumenical Temple
  2557 | Temple   | 2557 ||| PLANNING OKAWARU WORSHIP
  2712 | Temple   | Became a worshipper of Warmaster Okawaru
  2712 | Temple   | 2712 ||| PLANNING D:1-11
  3397 | D:4      | 3397 ||| Stepping ~*~*~tactically~*~*~ (hiding).
  3398 | D:4      | 3398 ||| Stepping ~*~*~tactically~*~*~ (hiding).
  3399 | D:4      | 3399 ||| Stepping ~*~*~tactically~*~*~ (hiding).
  3457 | D:4      | Noticed Natasha
  3465 | D:4      | Killed Natasha
  3488 | D:4      | Noticed Sigmund
  3492 | D:4      | 3492 ||| DRINKING 3 potions of curing.
  3492 | D:4      | 3492 ||| (to cure confusion)
  3496 | D:4      | 3496 ||| DRINKING 2 potions of curing.
  3496 | D:4      | 3496 ||| (to cure confusion)
  3502 | D:4      | Killed Sigmund
  3503 | D:4      | Reached skill level 6 in Axes
  3503 | D:4      | Reached XP level 8. HP: 48/48 MP: 8/8
  3522 | D:4      | Noticed Natasha
  3535 | D:4      | Killed Natasha
  3684 | D:5      | Reached * piety under Okawaru
  3685 | D:5      | Reached skill level 1 in Dodging
  3703 | D:5      | 3703 ||| INVOKING Heroism.
  3714 | D:5      | Reached skill level 6 in Shields
  3726 | D:5      | 3726 ||| DRINKING potion of curing.
  3726 | D:5      | 3726 ||| (to cure confusion)
  3745 | D:5      | Reached skill level 7 in Axes
  3804 | D:5      | 3804 ||| INVOKING Heroism.
  4049 | D:5      | Found a runed translucent door.
  4050 | D:5      | Noticed Crazy Yiuf
  4112 | D:5      | 4112 ||| UPGRADING to +0 plate armour.
  4122 | D:5      | 4122 ||| DROPPING +0 chain mail.
  4123 | D:5      | 4123 ||| READING scroll labelled JIOWOL AGAMN.
  4124 | D:5      | 4124 ||| READING scroll labelled TESMAEJEBB.
  4125 | D:5      | 4125 ||| READING 3 scrolls of identify.
  4125 | D:5      | 4125 ||| IDENTIFYING viscous purple potion
  4126 | D:5      | 4126 ||| READING 2 scrolls of identify.
  4126 | D:5      | 4126 ||| IDENTIFYING amethyst potion
  4127 | D:5      | 4127 ||| DROPPING potion of ambrosia.
  4272 | D:6      | Found Xobyefez's Fire Supplies.
  4277 | D:6      | 4277 ||| SHOPLISTING +0 fire dragon scales (840 gold, have
                  | 324).
  4277 | D:6      | 4277 ||| SHOPLISTING ring of fire (350 gold, have 324).
  4939 | D:6      | 4939 ||| Stepping ~*~*~tactically~*~*~ (hiding).
  5046 | D:6      | 5046 ||| UPGRADING to +4 ring of protection.
  5047 | D:6      | 5047 ||| READING scroll labelled MUOQEL VEULIP.
  5118 | D:7      | Reached skill level 1 in Invocations
  5136 | D:7      | Reached skill level 1 in Throwing
  5136 | D:7      | Reached XP level 9. HP: 53/54 MP: 10/10
  5138 | D:7      | Reached skill level 3 in Invocations
  5187 | D:7      | 5187 ||| Stepping ~*~*~tactically~*~*~ (stealth).
  5207 | D:7      | Noticed Pikel
  5208 | D:7      | 5208 ||| Stepping ~*~*~tactically~*~*~ (stealth).
  5304 | D:7      | 5304 ||| INVOKING Heroism.
  5316 | D:7      | Killed Pikel
  5316 | D:7      | Reached ** piety under Okawaru
  5317 | D:7      | Reached skill level 8 in Axes
  5391 | D:7      | Noticed Menkaure
  5392 | D:7      | 5392 ||| Stepping ~*~*~tactically~*~*~ (hiding).
  5393 | D:7      | 5393 ||| INVOKING Heroism.
  5397 | D:7      | Killed Menkaure
  5675 | D:7      | 5675 ||| READING scroll labelled VACWI JEBBI.
  5676 | D:7      | 5676 ||| DRINKING 3 fizzy orange potions.
  5734 | D:8      | 5734 ||| READING 3 scrolls of enchant weapon.
  5734 | D:8      | 5734 ||| ENCHANTING +1 war axe.
  5735 | D:8      | 5735 ||| READING 2 scrolls of enchant weapon.
  5735 | D:8      | 5735 ||| ENCHANTING +2 war axe.
  5736 | D:8      | 5736 ||| READING scroll of enchant weapon.
  5736 | D:8      | 5736 ||| ENCHANTING +3 war axe.
  5772 | D:8      | Reached skill level 6 in Fighting
  5819 | D:8      | 5819 ||| Stepping ~*~*~tactically~*~*~ (stealth).
  5825 | D:8      | 5825 ||| Stepping ~*~*~tactically~*~*~ (hiding).
  5828 | D:8      | 5828 ||| Stepping ~*~*~tactically~*~*~ (hiding).
  5829 | D:8      | 5829 ||| INVOKING Heroism.
  5883 | D:8      | Reached XP level 10. HP: 55/60 MP: 13/13
  5917 | D:8      | 5917 ||| DRINKING potion of curing.
  5917 | D:8      | 5917 ||| (to cure confusion)
  5918 | D:8      | 5918 ||| INVOKING Heroism.
  5938 | D:8      | Reached skill level 9 in Axes
  5943 | D:8      | Reached *** piety under Okawaru
  6047 | D:8      | Reached skill level 6 in Armour
  6048 | D:8      | 6048 ||| INVOKING Heroism.
  6060 | D:8      | Reached skill level 9 in Shields
  6062 | D:8      | 6062 ||| INVOKING Heroism.
  6146 | D:8      | Noticed Maggie
  6147 | D:8      | 6147 ||| Stepping ~*~*~tactically~*~*~ (hiding).
  6158 | D:8      | Killed Maggie
  6228 | D:8      | Noticed a tengu warrior
  6246 | D:8      | 6246 ||| INVOKING Heroism.
  6251 | D:8      | Killed a tengu warrior
  6251 | D:8      | Reached **** piety under Okawaru
  6252 | D:8      | Reached skill level 10 in Axes
  6257 | D:8      | 6257 ||| Stepping ~*~*~tactically~*~*~ (stealth).
  6263 | D:8      | 6263 ||| Stepping ~*~*~tactically~*~*~ (stealth).
  6269 | D:8      | Noticed a gargoyle
  6274 | D:8      | Killed a gargoyle
  6284 | D:8      | 6284 ||| INVOKING Heroism.
  6565 | D:8      | 6565 ||| UPGRADING to amulet of faith.
  6575 | D:8      | 6575 ||| READING scroll labelled XOINET NUAM.
  6695 | D:9      | 6695 ||| Stepping ~*~*~tactically~*~*~ (hiding).
  6696 | D:9      | 6696 ||| Stepping ~*~*~tactically~*~*~ (hiding).
  6703 | D:9      | Reached XP level 11. HP: 67/67 MP: 14/14
  6746 | D:9      | 6746 ||| Stepping ~*~*~tactically~*~*~ (stealth).
  6780 | D:9      | 6780 ||| Stepping ~*~*~tactically~*~*~ (hiding).
  6783 | D:9      | 6783 ||| INVOKING Heroism.
  6837 | D:9      | Reached ***** piety under Okawaru
  6881 | D:9      | 6881 ||| Stepping ~*~*~tactically~*~*~ (stealth).
  6882 | D:9      | 6882 ||| Stepping ~*~*~tactically~*~*~ (stealth).
  6884 | D:9      | 6884 ||| Stepping ~*~*~tactically~*~*~ (stealth).
  6885 | D:9      | 6885 ||| Stepping ~*~*~tactically~*~*~ (stealth).
  6892 | D:9      | 6892 ||| Stepping ~*~*~tactically~*~*~ (hiding).
  6893 | D:9      | 6893 ||| Stepping ~*~*~tactically~*~*~ (hiding).
  6905 | D:9      | 6905 ||| INVOKING Heroism.
  6909 | D:9      | Reached skill level 6 in Invocations
  6938 | D:9      | 6938 ||| Stepping ~*~*~tactically~*~*~ (stealth).
  6939 | D:9      | 6939 ||| Stepping ~*~*~tactically~*~*~ (stealth).
  6946 | D:9      | 6946 ||| INVOKING Heroism.
  6966 | D:9      | Noticed a green ugly thing
  6967 | D:9      | 6967 ||| FLEEEEING.
  6968 | D:9      | 6968 ||| FLEEEEING.
  6969 | D:9      | 6969 ||| FLEEEEING.
  6970 | D:9      | 6970 ||| FLEEEEING.
  6971 | D:9      | 6971 ||| FLEEEEING.
  6972 | D:9      | 6972 ||| FLEEEEING.
  6973 | D:9      | 6973 ||| FLEEEEING.
  6974 | D:9      | 6974 ||| FLEEEEING.
  6975 | D:9      | 6975 ||| FLEEEEING.
  6976 | D:9      | 6976 ||| FLEEEEING.
  6977 | D:9      | 6977 ||| FLEEEEING.
  6981 | D:9      | 6981 ||| FLEEEEING.
  6982 | D:9      | 6982 ||| STAIRDANCE
  7039 | D:8      | 7039 ||| READING 2 scrolls of identify.
  7039 | D:8      | 7039 ||| IDENTIFYING golden potion
  7040 | D:8      | 7040 ||| DROPPING potion of flight.
  7062 | D:9      | 7062 ||| STAIRDANCE
  7066 | D:8      | Killed a green ugly thing
  7145 | D:9      | Noticed a two-headed ogre
  7146 | D:9      | 7146 ||| INVOKING Heroism.
  7152 | D:9      | Killed a two-headed ogre
  7153 | D:9      | Noticed a cyclops
  7158 | D:9      | Killed a cyclops
  7184 | D:9      | Identified the +0 robe "Porutuad" {+Blink rCorr Str-4
                  | Archmagi} (Okawaru gifted it to you on level 9 of the
                  | Dungeon)
  7184 | D:9      | Received a gift from Okawaru
  7263 | D:9      | 7263 ||| Stepping ~*~*~tactically~*~*~ (hiding).
  7424 | D:9      | Found a runed translucent gate.
  7426 | D:9      | Found a runed translucent gate.
  7426 | D:9      | Found a runed translucent gate.
  7426 | D:9      | Noticed a brown ugly thing
  7426 | D:9      | Noticed a white ugly thing
  7427 | D:9      | Noticed a green ugly thing
  7427 | D:9      | Noticed a red ugly thing
  7673 | D:10     | Entered Level 10 of the Dungeon
  7689 | D:10     | Found a blossoming altar of Fedhas.
  7704 | D:10     | 7704 ||| INVOKING Heroism.
  7743 | D:10     | 7743 ||| DROPPING +5 morningstar.
  7813 | D:10     | Noticed a two-headed ogre
  7814 | D:10     | 7814 ||| INVOKING Heroism.
  7822 | D:10     | Killed a two-headed ogre
  7860 | D:10     | Reached skill level 11 in Axes
  7912 | D:10     | 7912 ||| INVOKING Heroism.
  7976 | D:10     | Found a flagged portal.
  7977 | D:10     | 7977 ||| READING scroll labelled TEUHEJANI ERUVIO.
  8102 | D:10     | Noticed a two-headed ogre
  8103 | D:10     | 8103 ||| Stepping ~*~*~tactically~*~*~ (stealth).
  8105 | D:10     | 8105 ||| INVOKING Heroism.
  8115 | D:10     | Killed a two-headed ogre
  8116 | D:10     | Reached skill level 9 in Invocations
  8148 | D:10     | 8148 ||| FLEEEEING.
  8149 | D:10     | 8149 ||| FLEEEEING.
  8167 | D:10     | 8167 ||| FLEEEEING.
  8168 | D:10     | 8168 ||| FLEEEEING.
  8169 | D:10     | 8169 ||| FLEEEEING.
  8170 | D:10     | 8170 ||| FLEEEEING.
  8171 | D:10     | 8171 ||| FLEEEEING.
  8172 | D:10     | 8172 ||| INVOKING Heroism.
  8182 | D:10     | Reached XP level 12. HP: 69/73 MP: 16/18
  8244 | D:10     | Found a staircase to the Orcish Mines.
  8278 | D:10     | 8278 ||| Stepping ~*~*~tactically~*~*~ (stealth).
  8280 | D:10     | 8280 ||| Stepping ~*~*~tactically~*~*~ (hiding).
  8281 | D:10     | 8281 ||| Stepping ~*~*~tactically~*~*~ (hiding).
  8282 | D:10     | 8282 ||| Stepping ~*~*~tactically~*~*~ (hiding).
  8877 | D:11     | 8877 ||| READING scroll of enchant weapon.
  8877 | D:11     | 8877 ||| ENCHANTING +4 war axe.
  8932 | D:11     | Identified the +3 leather armour of the Orb Guardian {Harm
                  | rCorr Dex+4}
  8943 | D:11     | Noticed a two-headed ogre
  8953 | D:11     | 8953 ||| INVOKING Heroism.
  8958 | D:11     | Killed a two-headed ogre
  9060 | D:11     | Noticed a boulder beetle
  9061 | D:11     | 9061 ||| INVOKING Heroism.
  9072 | D:11     | Killed a boulder beetle
  9191 | D:11     | 9191 ||| Stepping ~*~*~tactically~*~*~ (hiding).
  9475 | D:11     | 9475 ||| INVOKING Heroism.
  9563 | D:11     | Noticed a death yak
  9564 | D:11     | 9564 ||| INVOKING Heroism.
  9573 | D:11     | Killed a death yak
  9574 | D:11     | Reached skill level 9 in Fighting
  9644 | D:11     | Found a staircase to the Lair.
  9645 | D:11     | 9645 ||| Stepping ~*~*~tactically~*~*~ (stealth).
  9646 | D:11     | Noticed a death yak
  9646 | D:11     | Noticed a death yak
  9647 | D:11     | 9647 ||| Stepping ~*~*~tactically~*~*~ (hiding).
  9649 | D:11     | 9649 ||| INVOKING Heroism.
  9662 | D:11     | Killed a death yak
  9674 | D:11     | Killed a death yak
  9912 | D:11     | 9912 ||| Stepping ~*~*~tactically~*~*~ (stealth).
  9918 | D:11     | 9918 ||| Stepping ~*~*~tactically~*~*~ (stealth).
  9920 | D:11     | 9920 ||| INVOKING Heroism.
 10013 | D:11     | 10013 ||| PLANNING LAIR
 10013 | D:11     | 10013 ||| UPGRADING to +0 helmet.
 10051 | Lair:1   | Entered Level 1 of the Lair of Beasts
 10051 | Lair:1   | Noticed a boulder beetle
 10052 | Lair:1   | 10052 ||| INVOKING Heroism.
 10061 | Lair:1   | Killed a boulder beetle
 10067 | Lair:1   | Identified the +0 robe of Taokoe {Str+5 Slay+2}
 10309 | Lair:1   | 10309 ||| INVOKING Heroism.
 10319 | Lair:1   | 10319 ||| Stepping ~*~*~tactically~*~*~ (stealth).
 10324 | Lair:1   | Reached skill level 12 in Axes
 10333 | Lair:1   | 10333 ||| INVOKING Heroism.
 10341 | Lair:1   | 10341 ||| Stepping ~*~*~tactically~*~*~ (hiding).
 10357 | Lair:1   | 10357 ||| INVOKING Heroism.
 10359 | Lair:1   | 10359 ||| FLEEEEING.
 10360 | Lair:1   | 10360 ||| FLEEEEING.
 10361 | Lair:1   | 10361 ||| FLEEEEING.
 10362 | Lair:1   | 10362 ||| FLEEEEING.
 10363 | Lair:1   | 10363 ||| FLEEEEING.
 10364 | Lair:1   | 10364 ||| FLEEEEING.
 10365 | Lair:1   | 10365 ||| FLEEEEING.
 10366 | Lair:1   | 10366 ||| FLEEEEING.
 10367 | Lair:1   | 10367 ||| FLEEEEING.
 10368 | Lair:1   | 10368 ||| FLEEEEING.
 10369 | Lair:1   | 10369 ||| FLEEEEING.
 10370 | Lair:1   | 10370 ||| FLEEEEING.
 10371 | Lair:1   | 10371 ||| FLEEEEING.
 10372 | Lair:1   | 10372 ||| FLEEEEING.
 10373 | Lair:1   | 10373 ||| FLEEEEING.
 10374 | Lair:1   | 10374 ||| FLEEEEING.
 10375 | Lair:1   | 10375 ||| FLEEEEING.
 10376 | Lair:1   | 10376 ||| FLEEEEING.
 10377 | Lair:1   | 10377 ||| FLEEEEING.
 10378 | Lair:1   | 10378 ||| FLEEEEING.
 10379 | Lair:1   | 10379 ||| FLEEEEING.
 10380 | Lair:1   | 10380 ||| FLEEEEING.
 10381 | Lair:1   | 10381 ||| FLEEEEING.
 10382 | Lair:1   | 10382 ||| FLEEEEING.
 10383 | Lair:1   | 10383 ||| FLEEEEING.
 10384 | Lair:1   | 10384 ||| FLEEEEING.
 10385 | Lair:1   | 10385 ||| FLEEEEING.
 10386 | Lair:1   | 10386 ||| FLEEEEING.
 10387 | Lair:1   | 10387 ||| FLEEEEING.
 10388 | Lair:1   | 10388 ||| FLEEEEING.
 10389 | Lair:1   | 10389 ||| FLEEEEING.
 10391 | Lair:1   | 10391 ||| FLEEEEING.
 10392 | Lair:1   | 10392 ||| FLEEEEING.
 10393 | Lair:1   | 10393 ||| FLEEEEING.
 10394 | Lair:1   | 10394 ||| FLEEEEING.
 10395 | Lair:1   | 10395 ||| FLEEEEING.
 10396 | Lair:1   | 10396 ||| FLEEEEING.
 10397 | Lair:1   | 10397 ||| FLEEEEING.
 10398 | Lair:1   | 10398 ||| FLEEEEING.
 10399 | Lair:1   | 10399 ||| FLEEEEING.
 10400 | Lair:1   | 10400 ||| FLEEEEING.
 10401 | Lair:1   | 10401 ||| FLEEEEING.
 10403 | Lair:1   | 10403 ||| FLEEEEING.
 10404 | Lair:1   | 10404 ||| FLEEEEING.
 10405 | Lair:1   | 10405 ||| FLEEEEING.
 10406 | Lair:1   | 10406 ||| FLEEEEING.
 10407 | Lair:1   | 10407 ||| FLEEEEING.
 10408 | Lair:1   | 10408 ||| FLEEEEING.
 10409 | Lair:1   | 10409 ||| FLEEEEING.
 10410 | Lair:1   | 10410 ||| FLEEEEING.
 10411 | Lair:1   | 10411 ||| FLEEEEING.
 10412 | Lair:1   | 10412 ||| FLEEEEING.
 10413 | Lair:1   | 10413 ||| FLEEEEING.
 10414 | Lair:1   | 10414 ||| FLEEEEING.
 10415 | Lair:1   | 10415 ||| FLEEEEING.
 10416 | Lair:1   | 10416 ||| FLEEEEING.
 10417 | Lair:1   | 10417 ||| FLEEEEING.
 10418 | Lair:1   | 10418 ||| FLEEEEING.
 10419 | Lair:1   | 10419 ||| STAIRDANCE
 10528 | D:11     | 10528 ||| READING 3 scrolls of identify.
 10528 | D:11     | 10528 ||| IDENTIFYING glowing coppery potion
 10535 | Lair:1   | 10535 ||| INVOKING Heroism.
 10541 | Lair:1   | Reached skill level 9 in Armour
 10710 | Lair:1   | Reached XP level 13. HP: 76/80 MP: 20/20
 10733 | Lair:1   | 10733 ||| INVOKING Heroism.
 10793 | Lair:1   | 10793 ||| Stepping ~*~*~tactically~*~*~ (stealth).
 10852 | Lair:1   | Found a white marble altar of Elyvilon.
 10864 | Lair:1   | 10864 ||| INVOKING Heroism.
 11190 | Lair:1   | Found a runed translucent door.
 11194 | Lair:1   | Noticed qw's ghost (journeyman GrFi)
 11434 | Lair:2   | 11434 ||| Stepping ~*~*~tactically~*~*~ (stealth).
 11451 | Lair:2   | Received a gift from Okawaru
 11457 | Lair:2   | 11457 ||| INVOKING Heroism.
 11641 | Lair:2   | Found a staircase to the Swamp.
 11656 | Lair:2   | Noticed Gastronok
 11657 | Lair:2   | 11657 ||| Stepping ~*~*~tactically~*~*~ (hiding).
 11661 | Lair:2   | 11661 ||| Stepping ~*~*~tactically~*~*~ (hiding).
 11668 | Lair:2   | 11668 ||| INVOKING Heroism.
 11688 | Lair:2   | Killed Gastronok
 11816 | Lair:2   | Noticed Urug
 11817 | Lair:2   | 11817 ||| FLEEEEING.
 11818 | Lair:2   | 11818 ||| FLEEEEING.
 11819 | Lair:2   | 11819 ||| FLEEEEING.
 11820 | Lair:2   | 11820 ||| FLEEEEING.
 11821 | Lair:2   | 11821 ||| FLEEEEING.
 11822 | Lair:2   | 11822 ||| FLEEEEING.
 11823 | Lair:2   | 11823 ||| INVOKING Heroism.
 11824 | Lair:2   | 11824 ||| INVOKING Finesse.
 11840 | Lair:2   | Killed Urug
 12126 | Lair:2   | 12126 ||| FLEEEEING.
 12150 | Lair:2   | Reached skill level 3 in Throwing
 12405 | Lair:2   | Found a staircase to the Snake Pit.
 12518 | Lair:2   | 12518 ||| READING 4 scrolls of identify.
 12518 | Lair:2   | 12518 ||| IDENTIFYING smoky yellow potion
 12519 | Lair:2   | 12519 ||| READING 3 scrolls of identify.
 12519 | Lair:2   | 12519 ||| IDENTIFYING blue potion
 12520 | Lair:2   | 12520 ||| DROPPING potion of berserk rage.
 12598 | Lair:3   | Reached ****** piety under Okawaru
 12639 | Lair:3   | Reached skill level 13 in Axes
 12644 | Lair:3   | Identified the +3 plate armour of Autumn {Harm Str-5 Int+4}
                  | (Okawaru gifted it to you on level 3 of the Lair of Beasts)
 12644 | Lair:3   | Received a gift from Okawaru
 12719 | Lair:3   | 12719 ||| Stepping ~*~*~tactically~*~*~ (stealth).
 12721 | Lair:3   | 12721 ||| Stepping ~*~*~tactically~*~*~ (stealth).
 12754 | Lair:3   | 12754 ||| INVOKING Heroism.
 12856 | Lair:3   | 12856 ||| INVOKING Heroism.
 12857 | Lair:3   | 12857 ||| Stepping ~*~*~tactically~*~*~ (stealth).
 13025 | Lair:3   | 13025 ||| Stepping ~*~*~tactically~*~*~ (stealth).
 13035 | Lair:3   | 13035 ||| INVOKING Heroism.
 13614 | Lair:3   | 13614 ||| DROPPING +3 plate armour of Autumn {Harm Str-5
                  | Int+4}.
 13772 | Lair:4   | Found a dark tunnel.
 13831 | Lair:4   | 13831 ||| INVOKING Heroism.
 13832 | Lair:4   | 13832 ||| INVOKING Finesse.
 13951 | Lair:4   | Gained mutation: Your large and strong wings let you fly.
                  | [Gargoyle growth]
 13951 | Lair:4   | Reached XP level 14. HP: 88/88 MP: 21/21
 14266 | Lair:4   | Reached skill level 14 in Axes
 14516 | Lair:4   | 14516 ||| READING scroll labelled UCVETHR FEAXIE.
 14526 | Lair:5   | Entered Level 5 of the Lair of Beasts
 14573 | Lair:5   | 14573 ||| Stepping ~*~*~tactically~*~*~ (hiding).
 14784 | Lair:5   | 14784 ||| INVOKING Heroism.
 14785 | Lair:5   | 14785 ||| INVOKING Finesse.
 14791 | Lair:5   | 14791 ||| SWAPPING to +4 morningstar of freezing.
 14796 | Lair:5   | 14796 ||| SWAPPING to +5 war axe.
 15022 | Lair:5   | 15022 ||| INVOKING Heroism.
 15027 | Lair:5   | 15027 ||| INVOKING Finesse.
 15073 | Lair:5   | 15073 ||| Stepping ~*~*~tactically~*~*~ (hiding).
 15093 | Lair:5   | 15093 ||| INVOKING Heroism.
 15099 | Lair:5   | 15099 ||| Stepping ~*~*~tactically~*~*~ (stealth).
 15112 | Lair:5   | 15112 ||| INVOKING Finesse.
 15121 | Lair:5   | 15121 ||| SWAPPING to +4 morningstar of freezing.
 15124 | Lair:5   | Received a gift from Okawaru
 15125 | Lair:5   | 15125 ||| SWAPPING to +5 war axe.
 15438 | Lair:5   | Reached skill level 12 in Shields
 15470 | Lair:5   | Found a viscous altar of Jiyva.
 15479 | Lair:5   | Found a staircase to the Slime Pits.
 15723 | Lair:5   | 15723 ||| Stepping ~*~*~tactically~*~*~ (stealth).
 15812 | Lair:5   | 15812 ||| INVOKING Heroism.
 16009 | Lair:5   | Found a large runed translucent door.
 16009 | Lair:5   | Found a large runed translucent door.
 16348 | Lair:5   | 16348 ||| PLANNING D
 16348 | Lair:5   | 16348 ||| UPGRADING to +2 cloak of stealth.
 16520 | D:12     | 16520 ||| INVOKING Heroism.
 16524 | D:12     | 16524 ||| Stepping ~*~*~tactically~*~*~ (stealth).
 16535 | D:12     | 16535 ||| Stepping ~*~*~tactically~*~*~ (stealth).
 16537 | D:12     | 16537 ||| Stepping ~*~*~tactically~*~*~ (stealth).
 16554 | D:12     | 16554 ||| READING 4 scrolls of teleportation.
 16609 | D:12     | 16609 ||| INVOKING Heroism.
 16732 | D:12     | 16732 ||| Stepping ~*~*~tactically~*~*~ (hiding).
 16755 | D:12     | 16755 ||| Stepping ~*~*~tactically~*~*~ (stealth).
 16759 | D:12     | 16759 ||| Stepping ~*~*~tactically~*~*~ (stealth).
 16761 | D:12     | 16761 ||| Stepping ~*~*~tactically~*~*~ (stealth).
 16767 | D:12     | 16767 ||| INVOKING Heroism.
 16896 | D:12     | 16896 ||| INVOKING Heroism.
 16897 | D:12     | 16897 ||| INVOKING Finesse.
 16907 | D:12     | 16907 ||| SWAPPING to +4 morningstar of freezing.
 16915 | D:12     | 16915 ||| SWAPPING to +5 war axe.
 17014 | D:12     | 17014 ||| Stepping ~*~*~tactically~*~*~ (hiding).
 17015 | D:12     | 17015 ||| Stepping ~*~*~tactically~*~*~ (hiding).
 17022 | D:12     | 17022 ||| Stepping ~*~*~tactically~*~*~ (hiding).
 17439 | D:13     | Noticed Erolcha
 17440 | D:13     | 17440 ||| INVOKING Heroism.
 17445 | D:13     | Killed Erolcha
 17479 | D:13     | 17479 ||| INVOKING Heroism.
 17500 | D:13     | HP: 7/90 [death knight/+3 halberd (19)]
 17501 | D:13     | 17501 ||| READING 3 scrolls of teleportation.
 17502 | D:13     | 17502 ||| DRINKING 8 potions of heal wounds.
 17683 | D:13     | Identified the +3 rapier "Luupladd" {speed, rN+ Dex+3}
 17810 | D:13     | 17810 ||| Stepping ~*~*~tactically~*~*~ (stealth).
 17812 | D:13     | 17812 ||| INVOKING Heroism.
 17813 | D:13     | Noticed Lodul
 17818 | D:13     | 17818 ||| SWAPPING to +4 morningstar of freezing.
 17821 | D:13     | 17821 ||| SWAPPING to +5 war axe.
 17827 | D:13     | 17827 ||| INVOKING Finesse.
 17828 | D:13     | Received a gift from Okawaru
 17833 | D:13     | Killed Lodul
 17834 | D:13     | Reached skill level 15 in Axes
 17946 | D:13     | Found a gate to the Vaults.
 17946 | D:13     | Noticed Sonja
 17947 | D:13     | 17947 ||| INVOKING Heroism.
 17952 | D:13     | 17952 ||| DRINKING 2 potions of curing.
 17952 | D:13     | 17952 ||| (to cure confusion)
 17954 | D:13     | 17954 ||| DRINKING potion of curing.
 17954 | D:13     | 17954 ||| (to cure confusion)
 17972 | D:13     | HP: 16/90 [centaur warrior (8)]
 17972 | D:13     | HP: 3/90 [centaur warrior (13)]
 17973 | D:13     | 17973 ||| DRINKING 7 potions of heal wounds.
 17975 | D:13     | 17975 ||| DRINKING 6 potions of heal wounds.
 17985 | D:13     | 17985 ||| INVOKING Heroism.
 17991 | D:13     | 17991 ||| SWAPPING to +4 morningstar of freezing.
 17994 | D:13     | HP: 22/90 [five-headed hydra (1)]
 17994 | D:13     | HP: 3/90 [five-headed hydra (9)]
 17995 | D:13     | 17995 ||| READING 4 scrolls of teleportation.
 17995 | D:13     | Mangled by a five-headed hydra

Levels and vault maps discovered:
D:1:      kennysheep_arrival_forest, layout_basic,
          chequers_ecumenical_altar_island, minmay_worlds_worst_comb
D:2:      layout_basic, basic_altar, supply_closet_lemuel
D:3:      layout_basic, mainiacjoe_overflow_catwalk, serial_co_window_serial,
          co_window_corner_a, co_window_of_opportunity_a, co_window_paths_a,
          co_window_corner_a, co_window_of_opportunity_a,
          co_window_of_opportunity_c, co_window_broadway_a,
          co_window_unsneaky_path_a, co_window_2corner,
          co_window_of_opportunity_b, co_window_corner_b, co_window_broadway_a,
          glass_columns_a, glass_columns_b
D:4:      layout_rooms, uniq_sigmund, uniq_natasha
D:5:      layout_rooms, minmay_temple_entry_stoned_glass,
          uniq_crazy_yiuf_cottage
D:6:      layout_layer_cave, nicolae_shop_fire_sale [nicolae_sub_dead_trees],
          grunt_ministairs_11, minmay_misc_feat_alley
D:7:      layout_cave_pools, uniq_menkaure, uniq_pikel
D:8:      minmay_blocky_corners, layout_loops_ring, uniq_maggie
D:9:      minmay_distorted_concentric_squares, layout_cave_pools,
          ploomutoo_gammafunk_ghost_potion_laboratory
D:10:     layout_long_grid, fedhas_ov_isle_minmay, david_orc_3, enter_bailey_5
D:11:     layout_gridville, dpeg_lair_monsters
D:12:     layout_roguey, minmay_strange_pillars
D:13:     layout_basic, lightli_vaults_fourway_checkpoint, uniq_lodul,
          uniq_sonja, uniq_erolcha
Temple:   nicolae_temple_bog_church
Lair:1:   layout_cave_pods, ebering_ghost_inner_flame, basic_altar,
          grunt_forest_large_clearings, lemuel_fruit_fields,
          infiniplex_staircase_pool
Lair:2:   layout_misc_corridors, swamp_mist_pool,
          nicolae_snake_entry_warm_welcome, uniq_gastronok, uniq_urug
Lair:3:   layout_gridlike
Lair:4:   layout_gridlike, lightli_volcano_entry_magma_tube
Lair:5:   cheibrodos_lair_end_hotspot, layout_regular_city,
          dpeg_slime_entry_corner, chequers_serial_rivers_small_3

Skill      XL: |  1  2  3  4  5  6  7  8  9 10 11 12 13 14 |
---------------+-------------------------------------------+-----
Axes           | 2 3 4 5 6 7 8 10 11 12 13 15 | 15.0
Shields        | 4 5 7 9 10 11 12 | 12.0
Fighting       | 4 5 6 7 8 9 10 11 | 11.0
Dodging        | 1 2 |  2.7
Armour         | 4 5 6 7 9 10 11 | 11.0
Invocations    | 2 4 9 10 | 10.0
Throwing       | 1 4 5 |  5.2

Action                     |  1- 3 |  4- 6 |  7- 9 | 10-12 | 13-15 || total
---------------------------+-------+-------+-------+-------+-------++-------
  Melee: War axe           |   125 |    90 |   338 |   516 |   726 ||  1795
         Morningstar       |       |       |       |       |    19 ||    19
  Throw: Boomerang         |       |     9 |    45 |    39 |    38 ||   131
         Javelin           |       |       |       |       |    78 ||    78
 Invoke: Heroism           |       |       |     5 |    25 |    22 ||    52
         Finesse           |       |       |       |       |     7 ||     7
    Use: Scroll            |     3 |     2 |    12 |     5 |     6 ||    28
         Potion            |       |     1 |     5 |     1 |     5 ||    12
   Stab: Distracted        |       |       |       |     1 |       ||     1
 Armour: Scale mail        |    56 |       |       |       |       ||    56
         Chain mail        |    22 |    41 |    64 |       |       ||   127
         Plate armour      |       |       |   113 |   276 |   454 ||   843
  Dodge: Dodged            |    64 |    41 |    76 |   144 |   198 ||   523
  Block: Buckler           |    27 |    16 |       |       |       ||    43
         Kite shield       |       |    30 |   204 |   322 |   395 ||   951

Table legend:
 A = Non-vault XP
 B = Vault XP
 C = Vault XP percentage of total XP
 D = Non-vault monster count
 E = Vault monster count
 F = Vault count percentage of total count
                 A         B        C        D         E       F
            +---------+---------+-------+---------+---------+-------
      Total |   60662 |   23946 |  28.3 |     370 |     102 |  21.6
            +---------+---------+-------+---------+---------+-------
        D:1 |      43 |       6 |  12.2 |      28 |       3 |   9.7
        D:2 |      68 |       0 |   0.0 |      26 |       0 |   0.0
        D:3 |      37 |       0 |   0.0 |      11 |       0 |   0.0
        D:4 |     170 |     267 |  61.1 |      16 |       2 |  11.1
        D:5 |     598 |       0 |   0.0 |      18 |       0 |   0.0
        D:6 |     762 |      81 |   9.6 |      17 |       2 |  10.5
        D:7 |     919 |     838 |  47.7 |      10 |       2 |  16.7
        D:8 |    4254 |    1625 |  27.6 |      33 |       4 |  10.8
        D:9 |    2433 |    2166 |  47.1 |      24 |       6 |  20.0
       D:10 |    4017 |     337 |   7.7 |      24 |      11 |  31.4
       D:11 |    4415 |    2457 |  35.8 |      24 |       6 |  20.0
       D:12 |    6397 |       0 |   0.0 |      21 |       0 |   0.0
       D:13 |    3557 |    3897 |  52.3 |       6 |      12 |  66.7
     Lair:1 |    6673 |    2708 |  28.9 |      20 |      22 |  52.4
     Lair:2 |    4253 |    2902 |  40.6 |      22 |       6 |  21.4
     Lair:3 |    9505 |       0 |   0.0 |      33 |       0 |   0.0
     Lair:4 |    4585 |       0 |   0.0 |      12 |       0 |   0.0
     Lair:5 |    7976 |    6662 |  45.5 |      25 |      26 |  51.0
            +---------+---------+-------+---------+---------+-------
